 Dungeon Crawl Stone Soup version 0.30-a0-1160-g6e42c06551 (webtiles) character file.

Game seed: 6620857515035001287

62099 Newt the Skirmisher (level 14, -3/63 HPs)
             Began as a Demonspawn Gladiator on Apr 26, 2023.
             Was the Champion of Hepliaklqana.
             Slain by a thrashing horror (9 damage)
             ... on level 4 of the Abyss.
             The game lasted 00:30:02 (15967 turns).

Newt the Skirmisher (Demonspawn Gladiator)         Turns: 15967, Time: 00:30:02

Health: -3/63      AC: 16    Str: 18    XL:     14   Next: 63%
Magic:  6/6        EV: 18    Int: 10    God:    Hepliaklqana [******]
Gold:   1573       SH:  5    Dex: 19    Spells: 22/25 levels left

rFire   + + .        z - +6 arbalest of Xemasap {antimagic, Drain rElec rPois Will+}
rCold   . . .        (shield currently unavailable)
rNeg    + + +        K - +3 troll leather armour
rPois   +            (helmet unavailable)
rElec   +            (no cloak)
rCorr   .            y - +2 pair of gloves
SInv    .            i - +1 pair of boots
Will    ++...        Y - amulet "Yrycon" {Reflect Fly rF+ rN+++ Dex-3 SH+5}
Stlth   +            p - ring of protection from fire
HPRegen 0.00/turn    l - +6 ring of dexterity
MPRegen 0.10/turn

%: reflection
@: sick, flying, unable to drink
A: reduced essence, horns 3, icy blue scales 2, demonic guardian 2, powered by
death 1, [frail 3], [low MP 2], ([teleportitis 2]), [subdued magic 2],
[inability to drink after injury 2]
a: Renounce Religion, Recall Ancestor, Ancestor Identity, Transference, Idealise


You were on level 4 of the Abyss.
You worshipped Hepliaklqana.
Hepliaklqana was exalted by your worship.
You visited 4 branches of the dungeon, and saw 19 of its levels.
You visited the Abyss 1 time.
You also visited: Ossuary and Gauntlet.

You collected 2030 gold pieces.
You spent 457 gold pieces at shops.

Inventory:

Hand Weapons
 z - the +6 arbalest of Xemasap (weapon) {antimagic, Drain rElec rPois Will+}
   (You found it on level 5 of the Dungeon)

   rElec:     It insulates you from electricity.
   rPois:     It protects you from poison.
   Drain:     It drains your maximum health when unequipped.
   Will:      It increases your willpower.
Missiles
 d - 3 throwing nets
Armour
 i - a +1 pair of boots (worn)
 v - the +0 ring mail of the Poles {rElec Will++}
   (You bought it in a shop on level 2 of the Orcish Mines)

   rElec:     It insulates you from electricity.
   Will:      It greatly increases your willpower.
 y - a +2 pair of gloves (worn)
 F - a scarf of shadows
 K - a +3 troll leather armour (worn)
 Z - a +0 chain mail
Jewellery
 a - a ring of ice
 c - a ring of willpower
 h - an amulet of regeneration
 l - a +6 ring of dexterity (right hand)
 n - a +6 ring of dexterity
 p - a ring of protection from fire (left hand)
 q - a +4 ring of protection
 r - an amulet of guardian spirit
 s - a ring of poison resistance
 J - a ring of willpower
 V - the ring of Xinnysal {rC+ Int+3}
   (You found it on level 5 of the Lair of Beasts)

   [ring of protection from cold]

   Int:       It affects your intelligence (+3).
   rC:        It protects you from cold.
 W - a ring of willpower
 Y - the amulet "Yrycon" (around neck) {Reflect Fly rF+ rN+++ Dex-3 SH+5}
   (You found it in a Gauntlet)

   [amulet of reflection]

   It reflects blocked missile attacks.
   Dex:       It affects your dexterity (-3).
   rF:        It protects you from fire.
   rN:        It renders you almost immune to negative energy.
   Fly:       It grants you flight.
   SH:        It affects your SH (+5).
Wands
 e - a wand of flame (2)
 x - a wand of digging (5)
 D - a wand of polymorph (3)
 I - a wand of paralysis (16)
 M - a wand of iceblast (14)
 P - a wand of quicksilver (5)
Scrolls
 g - 2 scrolls of fear
 m - a scroll of enchant armour
 t - 8 scrolls of teleportation
 C - 2 scrolls of blinking
 E - 3 scrolls of immolation
 G - 4 scrolls of fog
 Q - 5 scrolls of enchant weapon
 S - a scroll of magic mapping
 X - 2 scrolls of poison
Potions
 f - 3 potions of cancellation
 j - 2 potions of mutation
 k - 4 potions of lignification
 o - 2 potions of ambrosia
 u - 2 potions of resistance
 w - 2 potions of heal wounds
 A - 7 potions of curing
 B - a potion of flight
 H - 2 potions of magic {unknown}
 N - 2 potions of haste
 O - 4 potions of might
 R - a potion of invisibility
Miscellaneous
 b - a phantom mirror
 T - a phial of floods


   Skills:
 - Level 8.0 Fighting
 - Level 2.6 Short Blades
 - Level 4.0 Maces & Flails
 + Level 13.9 Ranged Weapons
 - Level 4.0 Throwing
 - Level 4.0 Armour
 - Level 10.0 Dodging
 - Level 6.1 Spellcasting
 - Level 5.6 Hexes
 - Level 5.1 Fire Magic
 - Level 8.0 Invocations
 - Level 10.0 Evocations


You had 22 spell levels left.
You knew the following spells:

 Your Spells              Type           Power      Damage    Failure   Level
a - Inner Flame           Hex/Fire       8%         N/A       4%          3

Your spell library contained the following spells:

 Spells                   Type           Power      Damage    Failure   Level
 Slow                     Hex            36%        N/A       1%          1
 Tukima's Dance           Hex            9%         N/A       4%          3
 Dazzling Flash           Conj/Hex       10%        N/A       16%         3
 Portal Projectile        Hex/Tloc       10%        N/A       16%         3
 Summon Guardian Golem    Hex/Summ       5%         N/A       16%         3
 Blink                    Tloc           2%         N/A       28%         2
 Cigotuvi's Dreadful Rot  Necr/Pois/Air  2%         N/A       28%         2
 Lesser Beckoning         Tloc           2%         N/A       28%         2
 Momentum Strike          Conj/Tloc      2%         3d8       28%         2
 Static Discharge         Conj/Air       2%         2-3/arc   28%         2
 Ignite Poison            Fire/Tmut/Pois 4%         N/A       28%         3
 Vhi's Electric Charge    Tloc/Air       2%         N/A       50%         3
 Flame Wave               Conj/Fire      5%         2d5       54%         4
 Sticky Flame             Conj/Fire      5%         2d3       54%         4
 Silence                  Hex/Air        2%         N/A       87%         5
 Yara's Violent Unravell  Hex/Tmut       2%         3d3       87%         5
 Airstrike                Air            0%         2d(1-17)  90%         4
 Animate Dead             Necr           1%         N/A       90%         4
 Dispel Undead            Necr           1%         3d6       90%         4
 Manifold Assault         Tloc           1%         N/A       90%         4
 Passage of Golubria      Tloc           1%         N/A       90%         4
 Summon Lightning Spire   Summ/Air       1%         N/A       90%         4
 Arcjolt                  Conj/Air       0%         1d10      99%         5
 Blade Hands              Tmut           0%         N/A       99%         5
 Borgnjor's Vile Clutch   Necr/Erth      0%         N/A       99%         5
 Death Channel            Necr           0%         N/A       100%        6
 Storm Form               Tmut/Air       0%         N/A       100%        7
 Ignition                 Fire           4%         3d4       100%        8
 Lehudib's Crystal Spear  Conj/Erth      0%         10d2      100%        8
 Maxwell's Capacitive Co  Air            0%         ∞         100%        8


Dungeon Overview and Level Annotations

Branches:
Dungeon (11/15)            Temple (0/1) D:7            Lair (5/5) D:11
 Shoals (0/4) Lair:3       Spider (0/4) Lair:2        Slime (0/5) Lair:5
    Orc (2/2) D:9             Elf (1/3) Orc:2       Ossuary (visited)
Gauntlet (visited)

Altars:
Ashenzari
Cheibriados
Dithmenos
Fedhas
Gozag
Hepliaklqana
Okawaru
Trog
Wu Jian
Xom

Shops:
Orc:2 [=!

Annotations:
Lair:3 2 transporters, Vade Gum's ghost, journeyman DsGl
Lair:5 1 runed translucent door


Innate Abilities, Weirdness & Mutations

Your life essence is reduced to manifest your ancestor. (-10% HP)
You have a pair of large horns on your head.
You are mostly covered in icy blue scales. (AC +3)
A demonic guardian rushes to your aid.
You regenerate a little health from kills.
[You are extremely frail. (-30% HP)]
[Your magical capacity is very low. (-20% MP)]
[((You are often teleported next to monsters.))]
[Your spells are easier to cast, but less powerful.]
[You sometimes lose the ability to drink potions when taking damage.]


Message History

The thrashing horror closely misses you.
You block the thrashing horror's attack.
The thrashing horror attacks as you move away!
The thrashing horror barely misses you. The thrashing horror tramples you! x2
A demonic guardian appears!
You are shoved backwards!
The thrashing horror barely misses you.
The thrashing horror tramples you but does no damage.
The thrashing horror tramples your sun demon!
Your sun demon is shoved backwards!
The thrashing horror closely misses you.
The thrashing horror completely misses you.
The thrashing horror attacks as you move away!
The thrashing horror tramples you!
You block the thrashing horror's attack.
The thrashing horror attacks as you move away!
The thrashing horror completely misses you.
The thrashing horror closely misses you.
The thrashing horror completely misses you.
The thrashing horror barely misses you. The thrashing horror tramples you.
* * * LOW HITPOINT WARNING * * *
You hold your ground!
The thrashing horror barely misses you.
The thrashing horror tramples your sun demon!
Your sun demon holds its ground!
The thrashing horror tramples your sun demon but does no damage.
The thrashing horror attacks as you move away!
You block the thrashing horror's attack.
The thrashing horror closely misses you.
Your sun demon hits the thrashing horror!
The thrashing horror is engulfed in flames.
The thrashing horror resists.
The thrashing horror tramples you!
* * * LOW HITPOINT WARNING * * *
A demonic guardian appears!
You hold your ground!
You block the thrashing horror's attack.
You feel ill.
The thrashing horror attacks as you move away!
You block the thrashing horror's attack.
The thrashing horror barely misses you.
The thrashing horror tramples you but does no damage. x2
The thrashing horror tramples you!
You die...

... .....###
#.....##.#.#
#...##.#...# # # #
.#.#.#.##.# #..# ...##.
.# ## ...R..##.####
......#X.#xR...## .#
#.#.#§§##.##.3.X###...#
##..#..####..#X@3..#
.....#####.#########
...#.#. ..#.
..#........ #
.......##. ..# . # ##
###......## _#. ## .#.#


You could see the friendly Tenoch the knight, an ancient zyme, 2 thrashing
horrors, a friendly soul eater (summoned) and a friendly sun demon (summoned).

Vanquished Creatures
  A minotaur (Gauntlet)
  A hydra (Lair:5)
  Erica (Lair:1)
  Erolcha (Orc:2)
  A merfolk avatar (Lair:5)
  2 two-headed ogres
  The ghost of sirJeffrey23 the Vexing, a novice GnHs of Ashenzari (D:9)
  5 orc high priests (Orc:2)
  Amaemon (Lair:1)
  A wretched star (Abyss:4)
  A sixfirhy (Abyss:4)
  A skyshark (Lair:2)
  A sea snake (Lair:5)
  4 orc knights (Orc:2)
  2 deep elf pyromancers (Elf:1)
  A harpy (Lair:5)
  A cyclops (Orc:2)
  A large abomination (Abyss:4)
  A deep elf zephyrmancer (Elf:1)
  5 elephants
  A smoke demon (Abyss:4)
  2 black mambas
  2 torpor snails
  4 cane toads
  A gargoyle (D:10)
  2 kobold demonologists (D:11)
  2 komodo dragons
  A minotaur zombie (Gauntlet)
  3 rime drakes
  3 polar bears
  6 trolls
  4 hornets
  A wind drake (Lair:5)
  14 blink frogs
  A snapping turtle (Lair:5)
  A vampire (D:10)
  A shadow (D:11)
  2 wraiths (D:11)
  35 yaks
  Eustachio (D:4)
  5 wyverns
  2 basilisks
  A steam dragon (Lair:5)
  3 wargs (Orc:2)
  A vampire mosquito (D:11)
  2 acid dragons
  2 swamp worms (Lair:5)
  9 water moccasins
  An ice beast (D:6)
  17 orc warriors
  2 sky beasts (D:7)
  3 black bears
  2 ogres
  2 centaurs
  30 wolves
  10 bullfrogs
  6 kobold brigands
  3 scorpions
  12 wights
  5 killer bees (D:11)
  A vampire bat (Orc:2)
  3 electric eels (D:11)
  3 howler monkeys
  7 hounds
  2 gnoll boudas
  2 human zombies (Ossuary)
  28 orc priests
  A jelly (D:4)
  8 iguanas
  2 iron imps (Gauntlet)
  Terence (D:3)
  12 orc wizards
  A hound zombie (Ossuary)
  4 mummies (Ossuary)
  7 adders
  9 gnolls
  2 shadow imps
  3 white imps
  An ufetubus (Abyss:4)
  3 worms (Lair:2)
  2 dart slugs
  62 orcs
  5 ball pythons
  7 endoplasms
  4 giant cockroaches
  9 goblins
  8 hobgoblins
  19 kobolds
  3 quokkas
  6 bats
  2 frilled lizards
  2 gnoll zombies (Ossuary)
  3 hobgoblin zombies (Ossuary)
  2 kobold zombies (Ossuary)
  2 orc zombies (Ossuary)
  6 rats
  A spectral goblin (D:3)
  A lurking horror (Abyss:4)
482 creatures vanquished.

Vanquished Creatures (collateral kills)
  An orc warlord (Orc:2)
  Josephine (D:11)
  Fannar (Lair:2)
  A ghost crab (Gauntlet)
  2 boulder beetles
  A skyshark (Lair:5)
  A sea snake (Lair:5)
  3 orc knights
  A deep elf zephyrmancer (Elf:1)
  An orc sorcerer (Orc:2)
  2 elephants
  A torpor snail (Lair:5)
  An orange demon (Lair:1)
  Joseph (D:9)
  4 cane toads
  A minotaur zombie (Gauntlet)
  2 rime drakes
  A komodo dragon (Lair:3)
  2 unseen horrors
  3 trolls
  A hornet (Lair:3)
  3 blink frogs (Lair:2)
  A snapping turtle (Lair:5)
  2 wraiths
  5 yaks
  A spriggan (Lair:1)
  A wyvern (Lair:5)
  A basilisk (Lair:2)
  A steam dragon (D:8)
  A vampire mosquito (D:11)
  2 swamp worms (Lair:5)
  4 water moccasins
  An ice beast (D:8)
  8 orc warriors
  6 wolves
  A kobold brigand (D:9)
  A scorpion (Lair:2)
  6 wights
  An electric eel (Lair:1)
  3 orc priests (Orc:2)
  A starcursed mass (Abyss:4)
  An iguana (D:7)
  4 orc wizards
  A gnoll (D:9)
  16 orcs
  2 bats (Orc:2)
  2 kobolds
108 creatures vanquished.

Vanquished Creatures (others)
  8 knights
  An ancestor (D:7)
  7 fungi
  A lurking horror (Abyss:4)
  32 plants
  7 starspawn tentacles (Abyss:4)
56 creatures vanquished.

Grand Total: 646 creatures vanquished

Notes
Turn   | Place    | Note
-------+----------+-------------------------------------------
     0 | D:1      | Newt the Demonspawn Gladiator began the quest for the Orb.
     0 | D:1      | Reached XP level 1. HP: 16/16 MP: 1/1
   324 | D:1      | Gained mutation: You regenerate a little health from kills.
                  | [demonic ancestry]
   324 | D:1      | Reached XP level 2. HP: 23/23 MP: 2/2
   962 | D:2      | Reached XP level 3. HP: 29/29 MP: 3/3
  1150 | D:2      | Found a faded altar of an unknown god.
  1501 | D:3      | Found a shadowy altar of Dithmenos.
  1571 | D:3      | Found a hazy altar of Hepliaklqana.
  1604 | D:3      | Found an ornate altar of the Wu Jian Council.
  1743 | D:3      | Noticed Terence
  1754 | D:3      | Killed Terence
  1755 | D:3      | Reached skill level 1 in Maces & Flails
  1755 | D:3      | Gained mutation: You are partially covered in icy blue
                  | scales. (AC +2) [demonic ancestry]
  1755 | D:3      | Reached XP level 4. HP: 14/37 MP: 4/4
  2489 | D:4      | Reached XP level 5. HP: 42/42 MP: 5/5
  2703 | D:4      | Noticed Eustachio
  2718 | D:4      | Killed Eustachio
  2719 | D:4      | Reached XP level 6. HP: 41/48 MP: 6/6
  3307 | D:5      | Entered Level 5 of the Dungeon
  3408 | D:5      | Reached skill level 1 in Armour
  3459 | D:5      | Gained mutation: You have a pair of small horns on your
                  | head. [demonic ancestry]
  3459 | D:5      | Reached XP level 7. HP: 54/54 MP: 7/7
  3529 | D:5      | Identified the +6 arbalest of Xemasap {antimagic, Drain
                  | rElec rPois Will+}
  3871 | D:5      | Found a blossoming altar of Fedhas.
  4024 | D:3      | Became a worshipper of Hepliaklqana the Forgotten
  4222 | D:5      | Reached skill level 1 in Ranged Weapons
  4408 | D:6      | Reached skill level 2 in Ranged Weapons
  4450 | D:6      | Found a sand-covered staircase.
  4455 | Ossuary  | Entered an ossuary
  4460 | Ossuary  | Reached skill level 3 in Ranged Weapons
  4468 | Ossuary  | Gained mutation: A weak demonic guardian rushes to your
                  | aid. [demonic ancestry]
  4468 | Ossuary  | Reached XP level 8. HP: 49/60 MP: 2/8
  4536 | Ossuary  | Identified the +3 quarterstaff "Ruoggogh" {venom, MP+9
                  | Str+4 Int+3}
  4743 | D:6      | Reached * piety under Hepliaklqana
  4770 | D:6      | Reached skill level 4 in Ranged Weapons
  4823 | D:6      | Reached skill level 5 in Ranged Weapons
  4837 | D:6      | Found an iron altar of Okawaru.
  4837 | D:6      | Found a bloodstained altar of Trog.
  4884 | D:6      | Reached skill level 1 in Spellcasting
  4884 | D:6      | Reached skill level 1 in Hexes
  4884 | D:6      | Reached skill level 1 in Fire Magic
  5040 | D:6      | Learned a level 3 spell: Inner Flame
  5136 | D:7      | Reached XP level 9. HP: 53/58 MP: 0/13
  5188 | D:7      | Found an opulent altar of Gozag.
  5360 | D:7      | Found a shimmering altar of Xom.
  5373 | D:7      | Found a staircase to the Ecumenical Temple.
  5402 | D:7      | Reached ** piety under Hepliaklqana
  5403 | D:7      | Remembered your ancestor Tenoch as a knight
  5438 | D:7      | Found a snail-covered altar of Cheibriados.
  6004 | D:8      | Reached skill level 5 in Hexes
  6371 | D:9      | Reached skill level 5 in Fire Magic
  6466 | D:9      | Reached skill level 5 in Spellcasting
  6510 | D:9      | Reached *** piety under Hepliaklqana
  6527 | D:9      | Found a staircase to the Orcish Mines.
  6548 | D:9      | Noticed a troll
  6553 | D:9      | Killed a troll
  6554 | D:9      | Gained mutation: You have a pair of horns on your head.
                  | [demonic ancestry]
  6554 | D:9      | Reached XP level 10. HP: 31/63 MP: 2/18
  6674 | D:9      | Found a runed translucent gate.
  6674 | D:9      | Found a runed translucent gate.
  6677 | D:9      | Found a runed translucent gate.
  6677 | D:9      | Noticed sirJeffrey23's ghost (novice GnHs)
  7048 | D:9      | Noticed Joseph
  7049 | D:9      | Noticed a two-headed ogre
  7061 | D:9      | Killed a two-headed ogre
  7062 | D:9      | Reached skill level 6 in Ranged Weapons
  7063 | D:9      | Killed Joseph
  7064 | D:9      | Reached skill level 7 in Ranged Weapons
  7515 | D:9      | Paralysed by a hornet for 3 turns
  7524 | D:9      | Reached skill level 8 in Ranged Weapons
  7559 | D:9      | Killed sirJeffrey23's ghost
  7560 | D:9      | Reached skill level 9 in Ranged Weapons
  7630 | D:10     | Entered Level 10 of the Dungeon
  7647 | D:10     | Noticed a gargoyle
  7650 | D:10     | Killed a gargoyle
  7662 | D:10     | Gained mutation: You have a pair of large horns on your
                  | head. [demonic ancestry]
  7662 | D:10     | Reached XP level 11. HP: 69/69 MP: 6/20
  7711 | D:10     | Reached skill level 10 in Ranged Weapons
  8162 | D:10     | Found a broken altar of Ashenzari.
  8329 | D:11     | Reached skill level 11 in Ranged Weapons
  8391 | D:11     | Found a staircase to the Lair.
  8457 | D:11     | Reached **** piety under Hepliaklqana
  8518 | D:11     | Noticed a two-headed ogre
  8521 | D:11     | Killed a two-headed ogre
  8526 | D:11     | Noticed a sun demon
  8531 | D:11     | Reached skill level 12 in Ranged Weapons
  8574 | D:11     | Noticed a boulder beetle
  8583 | D:11     | Killed a boulder beetle
  8584 | D:11     | Reached skill level 5 in Fighting
  8642 | D:11     | Noticed Josephine
  8653 | D:11     | Killed Josephine
  8725 | D:11     | Gained mutation: A demonic guardian rushes to your aid.
                  | [demonic ancestry]
  8725 | D:11     | Reached XP level 12. HP: 71/81 MP: 7/21
  9244 | Lair:1   | Entered Level 1 of the Lair of Beasts
  9288 | Lair:1   | Noticed Erica
  9294 | Lair:1   | Reached skill level 5 in Dodging
  9304 | Lair:1   | Killed Erica
  9305 | Lair:1   | Noticed Amaemon
  9311 | Lair:1   | Killed Amaemon
  9500 | Lair:1   | Found a gate leading to a gauntlet.
  9513 | Gauntlet | Entered a Gauntlet
  9513 | Gauntlet | Found a transporter.
  9513 | Gauntlet | Found a transporter.
  9513 | Gauntlet | Found a runed translucent door.
  9513 | Gauntlet | Found a runed translucent door.
  9522 | Gauntlet | Found a transporter.
  9526 | Gauntlet | Found a transporter.
  9537 | Gauntlet | Found a transporter.
  9538 | Gauntlet | Found a transporter.
  9546 | Gauntlet | Found a transporter.
  9547 | Gauntlet | Noticed a ghost crab
  9559 | Gauntlet | Found a transporter.
  9559 | Gauntlet | Noticed a death scarab
  9559 | Gauntlet | Noticed a death scarab
  9578 | Gauntlet | Found a transporter.
  9582 | Gauntlet | Found a transporter.
  9591 | Gauntlet | Found a transporter.
  9594 | Gauntlet | Found a transporter.
  9667 | Gauntlet | Identified the amulet "Yrycon" {Reflect Fly rF+ rN+++ Dex-3
                  | SH+5}
  9705 | Gauntlet | Killed a ghost crab
  9712 | Gauntlet | Identified the amulet of Enuecoist {Acrobat -Tele rF++ rN+
                  | rCorr}
  9740 | Gauntlet | Noticed a minotaur
  9750 | Gauntlet | Killed a minotaur
  9759 | Gauntlet | Identified the amulet "Durupn" {Faith Fragile Dex+4}
  9760 | Gauntlet | Got the Parchment of the Called Curse
  9991 | Lair:1   | Reached ***** piety under Hepliaklqana
 10188 | Lair:2   | Reached XP level 13. HP: 88/88 MP: 7/22
 10397 | Lair:2   | Reached skill level 10 in Dodging
 10469 | Lair:2   | Reached skill level 1 in Invocations
 10623 | Lair:2   | Found a hole to the Spider Nest.
 10631 | Lair:2   | Noticed Fannar
 10639 | Lair:2   | Reached skill level 5 in Invocations
 10651 | Lair:2   | Killed Fannar
 11213 | Lair:3   | Found a transporter.
 11226 | Lair:3   | Found a staircase to the Shoals.
 11313 | Lair:3   | Found a bloodstained altar of Trog.
 11313 | Lair:3   | Noticed Vade Gum's ghost (journeyman DsGl)
 11381 | Lair:3   | Found a transporter.
 11955 | Lair:4   | Identified the +0 ring mail "Buef" {*Corrode rPois Int+8}
 12079 | Lair:4   | Reached ****** piety under Hepliaklqana
 12093 | Lair:4   | Reached skill level 1 in Evocations
 12668 | Lair:5   | Entered Level 5 of the Lair of Beasts
 12698 | Lair:5   | Reached skill level 5 in Evocations
 12980 | Lair:5   | Identified a scroll of acquirement
 12981 | Lair:5   | Acquired 393 gold pieces
 13588 | Lair:5   | Identified the +4 rapier "Yhonkaex" {heavy, rElec Int+6}
 13651 | Lair:5   | Gained mutation: You are mostly covered in icy blue scales.
                  | (AC +3) [demonic ancestry]
 13651 | Lair:5   | Reached XP level 14. HP: 94/94 MP: 7/23
 13678 | Lair:5   | Found a runed translucent door.
 13679 | Lair:5   | Noticed an acid blob
 13681 | Lair:5   | Found a staircase to the Slime Pits.
 13681 | Lair:5   | Noticed an acid blob
 13800 | Lair:5   | Identified the ring of Xinnysal {rC+ Int+3}
 14166 | Orc:1    | Entered Level 1 of the Orcish Mines
 14370 | Orc:2    | Entered Level 2 of the Orcish Mines
 14455 | Orc:2    | Noticed Erolcha
 14461 | Orc:2    | Killed Erolcha
 14498 | Orc:2    | Reached skill level 10 in Evocations
 14626 | Orc:2    | Noticed an orc warlord
 14638 | Orc:2    | Killed an orc warlord
 14942 | Orc:2    | Found a staircase to the Elven Halls.
 15152 | Orc:2    | Reached skill level 13 in Ranged Weapons
 15417 | Orc:2    | Found Wuwnen's Antique Armour Boutique.
 15426 | Orc:2    | Found Hiusuiv's Jewellery Shop.
 15427 | Orc:2    | Found Hinn's Distillery.
 15428 | Orc:2    | Found Avifu's Armour Boutique.
 15431 | Orc:2    | Bought a potion of mutation for 120 gold pieces
 15435 | Orc:2    | Bought a chain mail for 112 gold pieces
 15435 | Orc:2    | Bought a scorched ring mail for 225 gold pieces
 15435 | Orc:2    | Identified the +0 ring mail of the Poles {rElec Will++}
                  | (You bought it in a shop on level 2 of the Orcish Mines)
 15653 | Elf:1    | Entered Level 1 of the Elven Halls
 15684 | Elf:1    | Noticed a deep elf sorcerer
 15692 | Abyss:4  | Cast into level 4 of the Abyss (a deep elf sorcerer)
 15817 | Abyss:4  | Noticed a starflower
 15817 | Abyss:4  | Noticed a starflower
 15891 | Abyss:4  | Noticed a bone dragon
 15947 | Abyss:4  | Found an ornate altar of the Wu Jian Council.
 15967 | Abyss:4  | Slain by a thrashing horror

Illustrated notes

Levels and vault maps discovered:
D:1:      lemuel_arrival_muddy, layout_basic, palyth_stone_intersect
D:2:      kennysheep_six_static_rooms, layout_basic, basic_ecumenical_altar,
          serial_park_tiny_2, chequers_mini_garden
D:3:      layout_loops_ring, nicolae_overflow_crystal_walls,
          nicolae_hepliaklqana_monster_ancestors,
          mainiacjoe_overflow_cross_hatched, reono_crystal_passage,
          kennysheep_pointless_box, uniq_terence
D:4:      layout_layer_cave, dk_noncrumbling_2, uniq_eustachio
D:5:      layout_loops_ring, lemuel_coloured_pillars_altar, elyvilon_altar_1,
          tso_metal_star, serial_bayou_lagoon_a
D:6:      layout_basic, grunt_temple_overflow_bloody_war, enter_ossuary_2
D:7:      layout_basic, mainiacjoe_overflow_small_starburst,
          nicolae_gozag_cash_rules_everything_around_me, lemuel_crystal_altar,
          minmay_temple_entry_grid, grunt_ministairs_2,
          chequers_serial_rivers_small_b
D:8:      layout_basic
D:9:      layout_basic, orc_0_dummy, gammafunk_ghost_split, uniq_joseph
D:10:     layout_rooms, nicolae_overflow_hidden_temple,
          mainiacjoe_overflow_alcove_4, serial_bayou_pond_e
D:11:     lemuel_troll_bridge, layout_cave_pods, erik_lair_island,
          uniq_josephine
Lair:1:   layout_cave_shapes, gauntlet_entry_generic,
          grunt_forest_large_clearings, serial_bayou_shore_a, uniq_erica,
          uniq_amaemon
Lair:2:   layout_small_grid, nicolae_spider_entry_non_spiders,
          grunt_megastairs_5, uniq_fannar
Lair:3:   layout_cave_shapes, shoals_dummy_entry,
          gammafunk_ghost_wrathful_warriors, serial_bayou_shore_b
Lair:4:   layout_concentric_octagons, lemuel_fruit_tree
Lair:5:   gammafunk_lair_ancient_temple, layout_regular_city, slime_entry_2,
          st_stairs_4, worms_lemuel
Orc:1:    layout_caves
Orc:2:    st_orc_pillars, layout_caves, roderic_batcave, minmay_orc_barracks,
          uniq_erolcha
Elf:1:    eino_elf_arrival_the_gate, layout_gridlike, minmay_elf_necromancy
Abyss:4:  base: D:1, evilmike_abyss_exit_10, spicy_abyss_unhelpful_harpoons,
          dshaligram_kb_abyss_rune_zappy_water_cross, evilmike_abyss_exit_8,
          hangedman_abyss_stitches_cave

Skill      XL: |  1  2  3  4  5  6  7  8  9 10 11 12 13 14 |
---------------+-------------------------------------------+-----
Fighting       | 3 4 7 8 |  8.0
Maces & Flails | 1 2 4 |  4.0
Throwing       | 2 4 |  4.0
Armour         | 1 4 |  4.0
Ranged Weapons | 3 5 9 12 13 | 13.9
Spellcasting   | 3 5 6 |  6.1
Hexes          | 3 5 |  5.6
Fire Magic     | 3 5 |  5.1
Dodging        | 9 10 | 10.0
Invocations    | 8 |  8.0
Evocations     | 8 10 | 10.0
Short Blades   | |  2.6

Action                     |  1- 3 |  4- 6 |  7- 9 | 10-12 | 13-15 || total
---------------------------+-------+-------+-------+-------+-------++-------
  Melee: Rapier            |    77 |       |       |       |       ||    77
         Whip              |    27 |   131 |    10 |       |       ||   168
         Punch             |     1 |     1 |       |       |       ||     2
         Headbutt          |       |       |     2 |       |       ||     2
   Fire: Arbalest          |       |       |   257 |   402 |   744 ||  1403
   Cast: Inner Flame       |       |       |     6 |    13 |     5 ||    24
 Invoke: Ancestor Life: Kn |       |       |     1 |       |       ||     1
         Recall Ancestor   |       |       |       |     1 |     4 ||     5
         Idealise          |       |       |       |       |     1 ||     1
         Transference      |       |       |       |       |     1 ||     1
  Evoke: Wand              |       |       |       |     1 |     2 ||     3
         Phantom mirror    |       |       |       |     1 |       ||     1
    Use: Scroll            |     7 |     2 |     9 |    10 |     8 ||    36
         Potion            |       |       |     3 |     1 |     2 ||     6
   Stab: Sleeping          |     4 |       |       |       |       ||     4
 Armour: Leather armour    |    29 |    29 |   128 |       |       ||   186
         Troll leather arm |       |       |       |   130 |   106 ||   236
  Dodge: Dodged            |    52 |    58 |   172 |   233 |   319 ||   834
  Block: Other             |       |       |       |     2 |   107 ||   109
         Reflection        |       |       |       |       |     6 ||     6

Table legend: (Time is in decaauts)
 A = Elapsed time spent in this place.
 B = Non-inter-level travel time spent in this place.
 C = Inter-level travel time spent in this place.
 D = Time resting spent in this place.
 E = Time spent auto-exploring this place.
 F = Levels seen in this place.
 G = Mean time per level.
                   A        B        C        D        E       F      G
               +--------+--------+--------+--------+--------+-----+--------+
         Total |  16551 |  15492 |   1059 |   1609 |  10226 |  22 |  752.3 |
       Dungeon |   9526 |   8735 |    791 |    849 |   6223 |  11 |  866.0 |
          Lair |   4653 |   4466 |    187 |    494 |   3025 |   5 |  930.6 |
  Orcish Mines |   1556 |   1476 |     80 |    185 |    744 |   2 |  778.0 |
   Elven Halls |     44 |     44 |      0 |      0 |      8 |   1 |   44.0 |
         Abyss |    261 |    261 |      0 |     60 |     20 |   1 |  261.0 |
       Ossuary |    211 |    211 |      0 |      0 |    104 |   1 |  211.0 |
      Gauntlet |    298 |    298 |      0 |     20 |    102 |   1 |  298.0 |
               +--------+--------+--------+--------+--------+-----+--------+

Top non-repeatable levels by time:
  Lair:5: 1423 daAuts
     D:9: 1408 daAuts
   Orc:2: 1278 daAuts
     D:4: 1148 daAuts
    D:11: 1107 daAuts
  Lair:2: 1049 daAuts
     D:5: 958 daAuts
     D:3: 903 daAuts
  Lair:4: 785 daAuts
     D:1: 770 daAuts
  Lair:3: 770 daAuts
    D:10: 723 daAuts
     D:7: 707 daAuts
     D:2: 655 daAuts
     D:8: 626 daAuts
